 Dungeon Crawl Stone Soup version 0.23-a0-622-g59b4ea9 (webtiles) character file.

4 MalarOregon the Charmwright (level 1, 0/16 HPs)
             Began as a Merfolk Skald on Dec 24, 2018.
             Slain by a hobgoblin
             ... wielding a +0 club
              (3 damage)
             ... on level 1 of the Dungeon.
             The game lasted 00:00:37 (101 turns).

MalarOregon the Charmwright (Merfolk Skald)          Turns: 101, Time: 00:00:38

Health: 0/16       AC:  3    Str: 11    XL:     1   Next: 70%
Magic:  0/3        EV: 12    Int: 12    God:
Gold:   0          SH:  0    Dex: 13    Spells: 3/4 levels left

rFire    . . .     SeeInvis .   a - +0 spear
rCold    . . .     Gourm    .   (no shield)
rNeg     . . .     Faith    .   b - +0 leather armour
rPois    .         Spirit   .   (no helmet)
rElec    .         Reflect  .   (no cloak)
rCorr    .         Harm     .   (no gloves)
MR       .....                  (no boots)
Stlth    +.........             (no amulet)
HPRegen  0.05/turn              (no ring)
MPRegen  0.08/turn              (no ring)

@: infused (expiring)
A: change form in water, swift swim, stealthy swim
a: no special abilities


You were on level 1 of the Dungeon.
You were not hungry.

You visited 1 branch of the dungeon, and saw 1 of its levels.

Inventory:

Hand Weapons
 a - a +0 spear (weapon)
Armour
 b - a +0 leather armour (worn)
Scrolls
 c - a scroll of teleportation {unknown}
Comestibles
 d - a chunk of flesh
 e - a ration {!d}


   Skills:
 + Level 2.2 Fighting
 * Level 3.3 Polearms
 + Level 0.7 Armour
 + Level 2.8 Dodging
 - Level 2.0 Spellcasting
 + Level 3.3 Charms


You had 3 spell levels left.
You knew the following spells:

 Your Spells              Type           Power        Failure   Level  Hunger
a - Infusion              Chrm           #...         9%          1    ##.....

Your spell library contained the following spells:

 Spells                   Type           Power        Failure   Level  Hunger
 Song of Slaying          Chrm           #.......     14%         2    ###....
 Shroud of Golubria       Chrm/Tloc      #.........   26%         2    ###....
 Regeneration             Chrm/Necr      #.........   47%         3    ####...
 Spectral Weapon          Hex/Chrm       #.......     47%         3    ####...


Dungeon Overview and Level Annotations

Branches:
Dungeon (1/15)

Altars:


Message History

You are very lightly contaminated with residual magic.
Nothing appears to happen.
You miss the frilled lizard.
The frilled lizard bites you but does no damage.
You hit the frilled lizard. The frilled lizard misses you.
You hit the frilled lizard.
You kill the frilled lizard!
No target in view!
No target in view!
Found a short sword and 13 sling bullets.
You see here a frilled lizard corpse.
You butcher the frilled lizard corpse.
d - a chunk of flesh You see here a frilled lizard skeleton. x2
You see here a frilled lizard skeleton.
Your magical contamination has completely faded away.
A frilled lizard comes into view.
A frilled lizard is nearby!
A frilled lizard is nearby!
A goblin comes into view.
The goblin shouts!
You begin infusing your attacks with magical energy.
You hit the frilled lizard!
You kill the frilled lizard!
A giant cockroach comes into view.
A hobgoblin comes into view. It is wielding a +0 club.
The hobgoblin shouts!
The giant cockroach waves its antennae.
You miss the goblin. The goblin misses you.
You hit the goblin.
You kill the goblin!
Attack whom?
Aim: a hobgoblin, wielding a +0 club You reach to attack!
You hit the giant cockroach.
You kill the giant cockroach!
You barely miss the hobgoblin. You hit the hobgoblin but do no damage.
The hobgoblin hits you with a +0 club.
You hit the hobgoblin but do no damage. The hobgoblin hits you with a +0 club.
You barely miss the hobgoblin.
The hobgoblin hits you but does no damage.
You barely miss the hobgoblin. The hobgoblin hits you with a +0 club.
* * * LOW HITPOINT WARNING * * *
You hit the hobgoblin. The hobgoblin hits you with a +0 club.
* * * LOW HITPOINT WARNING * * *
Your magical infusion is running out.
Attack whom?
Aim: a hobgoblin, wielding a +0 club (almost dead)
You reach to attack!
You closely miss the hobgoblin. The hobgoblin hits you with a +0 club.
You die...

##....##......#
##.....###..÷### .......#
#....#####
##....###..#......
#............####.
##.....#...##...##.
#..........#.......
#............##.#..
#######.@####......##.##.
.....##.g..........##..#.
.### ##........#......###.#.
.....#................# #.##
###..†...............# #...
......................# ###.
...#.....†............#####.
. #........................
#........................


You could see a hobgoblin.

Vanquished Creatures
  A giant cockroach (D:1)
  A goblin (D:1)
  A bat (D:1)
  2 frilled lizards (D:1)
5 creatures vanquished.

Notes
Turn   | Place    | Note
-------+----------+-------------------------------------------
     0 | D:1      | MalarOregon the Merfolk Skald began the quest for the Orb.
     0 | D:1      | Reached XP level 1. HP: 16/16 MP: 3/3
   101 | D:1      | Slain by a hobgoblin

Vault maps used:
D:1:      ncdulo_smallfort

Action                   || total
-------------------------++-------
Melee: Spear             ||    15
 Cast: Infusion          ||     2
Armor: Leather armour    ||     2
Dodge: Dodged            ||     2

Table legend:
 A = Non-vault XP
 B = Vault XP
 C = Vault XP percentage of total XP
 D = Non-vault monster count
 E = Vault monster count
 F = Vault count percentage of total count
                 A         B        C        D         E       F
            +---------+---------+-------+---------+---------+-------
      Total |       7 |       0 |   0.0 |       5 |       0 |   0.0
            +---------+---------+-------+---------+---------+-------
        D:1 |       7 |       0 |   0.0 |       5 |       0 |   0.0
            +---------+---------+-------+---------+---------+-------
